 Dungeon Crawl Stone Soup version 0.25.1-2-g60ff931df9 (webtiles) character file.

Game seed: 12592672609834951093

534067 Elvor the Slayer (level 25, -17/247 (250) HPs)
             Began as a Minotaur Fighter on Aug 24, 2020.
             Was a High Priest of Okawaru.
             Killed from afar by a quicksilver dragon (29 damage)
             ... with a bolt of dispelling energy
             ... on level 5 of the Vaults on Aug 26, 2020.
             The game lasted 11:50:07 (59570 turns).

Elvor the Slayer (Minotaur Fighter)                Turns: 59570, Time: 11:50:08

HP:   -17/247 (250) AC: 35    Str: 29    XL:     25   Next: 5%
MP:   8/10          EV: 19    Int:  7    God:    Okawaru [*****.]
Gold: 6226          SH: 31    Dex: 17    Spells: 30/38 levels left

rFire    . . .     SeeInvis +   i - +5 demon whip "Spellbinder" {antimagic, MR+}
rCold    . . .     Gourm    .   w - +4 tower shield {reflect}
rNeg     + + .     Faith    +   D - +5 plate armour of the Game Afoot {MR+ Str+4 Dex-5}
rPois    +         Spirit   .   V - +2 hat {MR+}
rElec    +         Reflect  +   z - +2 cloak the Futuristic Sturgeon {rC- rCorr Dex+9 Slay+2}
rCorr    +         Harm     .   m - +2 pair of gloves of Kuocw {Dex+4 Slay+2 SInv Stlth+}
MR       +++++                  h - +2 pair of boots {run}
Stlth    ..........             K - amulet of faith
HPRegen  0.51/turn              T - ring of Dokhlipei {rElec rPois rC+ rN+}
MPRegen  0.12/turn              S - ring "Vorruven" {+Inv rN+ MR+ Str-3 Dex-4 Slay+3}

@: very slightly contaminated, quick
A: retaliatory headbutt, horns 2
}: 2/15 runes: serpentine, barnacled
a: Heroism, Finesse, Renounce Religion, Evoke Invisibility


You were on level 5 of the Vaults.
You worshipped Okawaru.
Okawaru was extremely pleased with you.
You were not hungry.

You visited 9 branches of the dungeon, and saw 45 of its levels.
You also visited: Ossuary, Ice Cave and Volcano.

You collected 8952 gold pieces.
You spent 2726 gold pieces at shops.

Inventory:

Hand Weapons
 a - a +6 war axe of flaming
 i - the +5 demon whip "Spellbinder" (weapon) {antimagic, MR+}
   (You acquired it on level 12 of the Dungeon)

   It reduces the magical energy of the wielder, and disrupts the spells and
   magical abilities of those hit.
   Natural abilities and divine invocations are not affected.
   It affects your resistance to hostile enchantments.
Missiles
 t - 62 boomerangs (quivered)
 Z - 69 javelins
Armour
 h - a +2 pair of boots of running (worn)
 m - the +2 pair of gloves of Kuocw (worn) {Dex+4 Slay+2 SInv Stlth+}
   (Okawaru gifted it to you on level 1 of the Depths)

   It affects your dexterity (+4).
   It affects your accuracy and damage with ranged weapons and melee attacks
   (+2).
   It lets you see invisible.
   It makes you more stealthy.
 p - a +0 pair of boots of flying
 w - a +4 tower shield of reflection (worn)
 z - the +2 cloak the Futuristic Sturgeon (worn) {rC- rCorr Dex+9 Slay+2}
   (Okawaru gifted it to you on level 3 of the Vaults)

   It affects your dexterity (+9).
   It affects your accuracy and damage with ranged weapons and melee attacks
   (+2).
   It makes you vulnerable to cold.
   It provides partial protection from all sources of acid and corrosion.
 D - the +5 plate armour of the Game Afoot (worn) {MR+ Str+4 Dex-5}
   (You took it off an orc knight on level 2 of the Orcish Mines)

   It affects your strength (+4).
   It affects your dexterity (-5).
   It affects your resistance to hostile enchantments.
 V - a +2 hat of magic resistance (worn)
Jewellery
 K - an amulet of faith (around neck)
 S - the ring "Vorruven" (right hand) {+Inv rN+ MR+ Str-3 Dex-4 Slay+3}
   (You found it on level 2 of the Orcish Mines)

   [ring of dexterity]

   It affects your strength (-3).
   It affects your dexterity (-4).
   It affects your accuracy and damage with ranged weapons and melee attacks
   (+3).
   It protects you from negative energy.
   It affects your resistance to hostile enchantments.
   It lets you turn invisible.
 T - the ring of Dokhlipei (left hand) {rElec rPois rC+ rN+}
   (You found it on level 3 of the Lair of Beasts)

   [ring of poison resistance]

   It protects you from cold.
   It insulates you from electricity.
   It protects you from poison.
   It protects you from negative energy.
Wands
 c - a wand of flame (69)
 A - a wand of digging (17)
 E - a wand of clouds (10)
 G - a wand of paralysis (23)
 I - a wand of disintegration (39)
 M - a wand of iceblast (9)
 Y - a wand of polymorph (16)
Scrolls
 k - 6 scrolls of holy word
 n - 4 scrolls of silence
 q - 9 scrolls of fear
 y - 6 scrolls of fog
 B - 12 scrolls of remove curse
 H - 8 scrolls of immolation
 N - 30 scrolls of teleportation
 O - 7 scrolls of vulnerability
 Q - 4 scrolls of magic mapping
Potions
 b - 5 potions of ambrosia
 d - 8 potions of might
 e - 9 potions of resistance
 g - 18 potions of curing
 j - 4 potions of berserk rage
 o - 5 potions of flight
 s - 7 potions of lignification
 v - 5 potions of cancellation
 U - 6 potions of haste
Comestibles
 f - 52 rations


   Skills:
 * Level 25.5 Fighting
   Level 1.6 Short Blades
 + Level 1.4(14.5) Axes
 + Level 21.2 Maces & Flails
 + Level 14.4 Throwing
 + Level 16.4 Armour
 * Level 17.6 Dodging
 + Level 1.8 Stealth
 + Level 24.7 Shields
 * Level 7.0 Spellcasting
 + Level 6.9 Invocations
 + Level 0.7 Evocations


You had 30 spell levels left.
You knew the following spells:

 Your Spells              Type           Power        Failure   Level  Hunger
a - Blink                 Tloc           N/A          88%         2    ##.....
b - Slow                  Hex            #.......     88%         2    ##.....
c - Passwall              Tmut/Erth      #.......     88%         2    ##.....
d - Swiftness             Chrm/Air       #.......     88%         2    ##.....

Your spell library contained the following spells:

 Spells                   Type           Power        Failure   Level  Hunger
 Animate Skeleton         Necr           N/A          77%         1    #......
 Apportation              Tloc           #.....       77%         1    #......
 Corona                   Hex            #......      77%         1    #......
 Foxfire                  Conj/Fire      #...         77%         1    #......
 Infusion                 Chrm           #...         77%         1    #......
 Magic Dart               Conj           #...         77%         1    #......
 Pain                     Necr           #...         77%         1    #......
 Sandblast                Erth           #.....       77%         1    #......
 Shock                    Conj/Air       #...         77%         1    #......
 Sting                    Tmut/Pois      #...         77%         1    #......
 Summon Butterflies       Summ           #.......     77%         1    #......
 Call Imp                 Summ           #.......     88%         2    ##.....
 Ensorcelled Hibernation  Hex/Ice        #.....       88%         2    ##.....
 Poisonous Vapours        Pois/Air       #.....       88%         2    ##.....
 Searing Ray              Conj           #.....       88%         2    ##.....
 Shroud of Golubria       Chrm/Tloc      #.....       88%         2    ##.....
 Song of Slaying          Chrm           #.......     88%         2    ##.....
 Sublimation of Blood     Necr           #.........   88%         2    ##.....
 Confusing Touch          Hex            #.......     98%         3    ###....
 Conjure Flame            Conj/Fire      #.......     98%         3    ###....
 Dazzling Flash           Conj/Hex       #.....       98%         3    ###....
 Gell's Gravitas          Tloc           #.........   98%         3    ###....
 Ignite Poison            Fire/Tmut/Pois #.......     98%         3    ###....
 Inner Flame              Hex/Fire       #.......     98%         3    ###....
 Lesser Beckoning         Tloc           #.........   98%         3    ###....
 Mephitic Cloud           Conj/Pois/Air  #.......     98%         3    ###....
 Ozocubu's Armour         Chrm/Ice       #.......     98%         3    ###....
 Spectral Weapon          Hex/Chrm       #.......     98%         3    ###....
 Static Discharge         Conj/Air       #.......     98%         3    ###....
 Stone Arrow              Conj/Erth      #.....       98%         3    ###....
 Teleport Other           Tloc           #.......     98%         3    ###....
 Tukima's Dance           Hex            #.......     98%         3    ###....
 Vampiric Draining        Necr           #.........   98%         3    ###....
 Airstrike                Air            #.........   100%        4    #####..
 Animate Dead             Necr           N/A          100%        4    #####..
 Cause Fear               Hex            #.........   100%        4    #####..
 Fulminant Prism          Conj/Hex       #.........   100%        4    #####..
 Hailstorm                Conj/Ice       #.......     100%        4    #####..
 Ice Form                 Ice/Tmut       #.......     100%        4    #####..
 Iskenderun's Mystic Bla  Conj/Tloc      #.......     100%        4    #####..
 Olgreb's Toxic Radiance  Pois           #.......     100%        4    #####..
 Passage of Golubria      Tloc           N/A          100%        4    #####..
 Petrify                  Tmut/Erth      #.......     100%        4    #####..
 Sticky Flame             Conj/Fire      #.......     100%        4    #####..
 Summon Lightning Spire   Summ/Air       #.......     100%        4    #####..
 Agony                    Necr           #.......     100%        5    ######.
 Alistair's Intoxication  Tmut/Pois      #.......     100%        5    ######.
 Excruciating Wounds      Chrm/Necr      #.........   100%        5    ######.
 Fireball                 Conj/Fire      #.........   100%        5    ######.
 Irradiate                Conj/Tmut      #.........   100%        5    ######.
 Lee's Rapid Deconstruct  Erth           #.........   100%        5    ######.
 Lightning Bolt           Conj/Air       #.........   100%        5    ######.
 Metabolic Englaciation   Hex/Ice        #.........   100%        5    ######.
 Silence                  Hex/Air        #.........   100%        5    ######.
 Yara's Violent Unravell  Hex/Tmut       #.........   100%        5    ######.
 Conjure Ball Lightning   Conj/Air       #.........   100%        6    #######
 Eringya's Noxious Bog    Tmut/Pois      #.........   100%        6    #######
 Freezing Cloud           Conj/Ice/Air   #.........   100%        6    #######
 Hydra Form               Tmut           #.........   100%        6    #######
 Invisibility             Hex            #.......     100%        6    #######
 Simulacrum               Ice/Necr       #.........   100%        6    #######
 Starburst                Conj/Fire      #.........   100%        6    #######
 Statue Form              Tmut/Erth      #........    100%        6    #######
 Dragon Form              Tmut           #.........   100%        7    #######
 Malign Gateway           Summ/Tloc      #.........   100%        7    #######
 Monstrous Menagerie      Summ           #.........   100%        7    #######
 Ring of Flames           Chrm/Fire      #.........   100%        7    #######
 Summon Greater Demon     Summ           #.........   100%        7    #######
 Discord                  Hex            #.........   100%        8    #######
 Ignition                 Fire           #.........   100%        8    #######
 Summon Horrible Things   Summ           #.........   100%        8    #######
 Dragon's Call            Summ           #.........   100%        9    #######
 Shatter                  Erth           #.........   100%        9    #######
 Tornado                  Air            #.........   100%        9    #######


Dungeon Overview and Level Annotations

Branches:
Dungeon (15/15)            Temple (1/1) D:7            Lair (6/6) D:10
 Shoals (4/4) Lair:4        Snake (4/4) Lair:2        Slime (0/5) Lair:6
    Orc (2/2) D:9             Elf (3/3) Orc:2        Vaults (5/5) D:14
  Crypt (0/3) Vaults:2     Depths (5/5) D:15            Zot (0/5) Depths:5
Ossuary (visited)           IceCv (visited)         Volcano (visited)

Altars:
Ashenzari
Cheibriados
Dithmenos
Elyvilon
Fedhas
Gozag
Hepliaklqana
Kikubaaqudgha
Makhleb
Nemelex Xobeh
Okawaru
Qazlal
Ru
Sif Muna
Trog
Uskayaw
Vehumet
Wu Jian
Xom
Yredelemnul
Zin
The Shining One
Beogh

Shops:
D:4 !   D:7 ?   D:14 }   Orc:1 *   Orc:2 }(:[*(   Elf:3 (   Shoals:3 ?
Shoals:4 =   Snake:1 }*(!   Vaults:2 %   Vaults:3 (   Depths:1 *

Portals:
Hell: Depths:1 Depths:2 Depths:3 Depths:4 Depths:5
Abyss: Depths:4
Pandemonium: Depths:1 Depths:3 Depths:5
Ziggurat: Depths:2
Trove: Vaults:2 (show slimy rune of Zot)


Innate Abilities, Weirdness & Mutations

You reflexively headbutt those who attack you in melee.
You have a pair of horns on your head.


Message History

Okay, then.
You feel yourself speed up.
The deep elf archer shoots an arrow.
You reflect the arrow off your +4 tower shield of reflection!
The arrow is repelled.
The arrow hits the vault guard!
The ironheart preserver gestures wildly while chanting.
The ironheart preserver begins to accept its allies' injuries.
The stone giant throws a large rock.
You reflect the large rock off your +4 tower shield of reflection!
The large rock hits the stone giant!!
The stone giant throws a large rock.
You reflect the large rock off your +4 tower shield of reflection!
The large rock hits the stone giant!
The deep elf archer blinks!
The quicksilver dragon breathes dispelling energy at you.
The bolt of dispelling energy hits you but does no damage.
Your magical effects are unravelling.
You feel yourself slow down.
You feel less vulnerable to hostile enchantments.
The quicksilver dragon breathes dispelling energy at you.
The bolt of dispelling energy hits you!!
You die...

#CcC.#
#.e..#
#.D..#
#....#
#....#
#....#
#....#
#....#
#.@..#
#....#
#....#
#....#
#....#
#....#
#....#
......


You could see a quicksilver dragon (sheltered, catching breath) and a deep elf
death mage (sheltered).

Vanquished Creatures
  An ancient lich (Depths:3)
  Frederick (Depths:3)
  Saint Roka (Elf:2)
  The ghost of Hucoe the Phalangite, a veteran MfIE of Sif Muna (Depths:5)
  2 golden dragons
  Nikola (Snake:1)
  A bone dragon (Depths:5)
  A Brimstone Fiend (Depths:5)
  4 tentacled monstrosities
  Jorgrun (Orc:1)
  2 liches
  3 deep elf master archers (Elf:3)
  2 quicksilver dragons
  4 deep elf blademasters (Elf:3)
  2 titans
  The ghost of DungeonDestroyer the Severer, an adept MiFi of Okawaru (Elf:3)
  2 sphinxes
  Polyphemus (Shoals:1)
  3 krakens (Shoals:3)
  Kirke (D:15)
  2 shadow dragons
  Agnes (Snake:1)
  The ghost of Ykir the Bludgeoner, an adept MiFi of the Shining One (Snake:1)
  A draconian monk (Depths:5)
  7 tengu reavers
  3 storm dragons
  Roxanne (Snake:1)
  8 nagarajas
  12 deep elf sorcerers
  An iron dragon (Vaults:5)
  18 vault wardens
  7 frost giants
  6 fire giants
  2 cacodemons (Depths:5)
  A balrug (Depths:1)
  Aizul (Elf:3)
  2 orc warlords (Orc:2)
  2 deep elf elementalists
  2 war gargoyles
  18 very ugly things
  3 spriggan defenders
  12 ironheart preservers
  23 stone giants
  An entropy weaver (Vaults:2)
  2 vampire knights
  Nessos (D:15)
  A green draconian (Depths:5)
  The ghost of RUZZLEFAZAZZLE the Severer, a journeyman HOFi of the Shining One (Orc:2)
  14 deep elf demonologists
  2 purple draconians (Depths:5)
  17 deep elf annihilators
  2 yellow draconians (Depths:5)
  2 white draconians (Depths:5)
  3 spark wasps
  7 deep elf death magi
  2 red draconians (Depths:5)
  Snorg (Orc:1)
  15 ettins
  A green death (Depths:5)
  4 merfolk javelineers
  Josephine (D:13)
  14 fire dragons
  15 yaktaur captains
  2 jiangshi (Depths:3)
  9 merfolk impalers
  15 ogre magi
  3 deep elf high priests (Elf:3)
  4 great orbs of eyes
  12 naga warriors
  39 vault guards
  A hell beast (Depths:3)
  2 merfolk avatars
  A rakshasa (Vaults:2)
  Erolcha (Orc:1)
  20 ice dragons
  2 death knights (Vaults:2)
  4 spriggan air magi
  6 anacondas
  7 hydras
  2 catoblepae
  9 deep troll shamans
  6 merfolk aquamancers
  14 centaur warriors
  31 dancing weapons
  6 tengu warriors
  51 two-headed ogres
  2 alligator snapping turtles (Shoals:4)
  6 satyrs
  Erica (D:8)
  3 death yaks (Shoals:2)
  9 small abominations
  7 spriggan berserkers
  2 vampire magi
  2 orc high priests (Orc:2)
  A queen ant (Lair:2)
  11 deep troll earth magi
  12 naga sharpshooters
  Nergalle (Orc:2)
  Sonja (Lair:3)
  6 hell knights
  3 sun demons
  3 shock serpents
  20 deep elf knights
  A fire crab (shapeshifter) (Vaults:4)
  2 skeletal warriors (Volcano)
  A death drake (shapeshifter) (Depths:2)
  An iron troll (Depths:4)
  A shadow wraith (Vaults:4)
  3 glowing orange brains
  A deep troll (shapeshifter) (Vaults:4)
  8 unseen horrors
  17 sea snakes
  18 deep trolls
  3 wizards
  An infernal demonspawn (Depths:3)
  An unseen horror (shapeshifter) (Depths:2)
  A flayed ghost (Vaults:3)
  11 naga ritualists
  A shadow demon (Depths:5)
  A lindwurm (Lair:6)
  14 ironbrand convokers
  Pikel (D:5)
  An anaconda skeleton (Volcano)
  A tengu zombie (Vaults:3)
  13 harpies
  11 orc knights
  An orb spider (shapeshifter) (Vaults:1)
  A phantasmal warrior (Vaults:3)
  5 necromancers
  24 deep elf archers
  75 deep elf magi
  10 mana vipers
  13 manticores
  2 wolf spiders
  19 fauns
  An oklob plant (Orc:2)
  2 salamanders (shapeshifter)
  10 cyclopes
  29 ugly things
  6 orc sorcerers
  A shining eye (shapeshifter) (Vaults:3)
  6 salamanders
  A cyclops (shapeshifter) (Vaults:4)
  A manticore (shapeshifter) (Vaults:4)
  9 vault sentinels
  4 guardian serpents
  3 molten gargoyles (Lair:6)
  10 merfolk sirens
  A frost giant skeleton (Vaults:3)
  Maurice (Orc:2)
  30 black mambas
  27 naga magi
  2 rust devils (Depths:5)
  A smoke demon (Depths:5)
  9 water nymphs
  4 torpor snails (Depths:3)
  2 orange demons (Depths:3)
  3 ice statues (IceCv)
  5 gargoyles (Volcano)
  6 centaur skeletons
  9 spiny frogs
  10 komodo dragons
  2 rime drakes (Lair:3)
  A kobold demonologist (D:14)
  7 freezing wraiths
  71 yaktaurs
  An efreet (D:14)
  4 tengu conjurers
  8 ice devils (IceCv)
  34 merfolk
  5 polar bears
  3 red devils
  4 hellwings (Depths:5)
  A polar bear (shapeshifter) (Depths:4)
  A meliai (shapeshifter) (Vaults:2)
  7 trolls
  A meliai (D:11)
  11 hornets
  13 wind drakes
  2 blink frogs (shapeshifter)
  25 blink frogs
  A harpy skeleton (Volcano)
  2 hippogriffs (shapeshifter)
  13 hippogriffs
  14 slime creatures
  A raiju (shapeshifter) (Depths:4)
  4 snapping turtles
  2 redbacks (Vaults:2)
  A spriggan (shapeshifter) (Depths:3)
  34 yaks
  4 air elementals
  A shadow (D:14)
  30 water elementals
  3 alligator skeletons (Volcano)
  A redback (shapeshifter) (Depths:3)
  A yak (shapeshifter) (Depths:3)
  4 fire elementals
  10 wraiths
  3 flying skulls (Volcano)
  7 spriggans
  10 wyverns
  3 basilisks
  5 hogs (D:15)
  A vampire mosquito (D:14)
  2 chaos spawn
  A steam dragon (shapeshifter) (Vaults:3)
  5 hungry ghosts
  35 nagas
  3 large abominations (Depths:4)
  8 soldier ants
  4 wargs
  A floating eye (Vaults:3)
  5 hell hounds (Lair:6)
  15 water moccasins
  Duvessa (D:5)
  10 porcupines
  3 black bears
  3 human zombies
  A slave (D:5)
  2 eyes of draining
  4 sky beasts
  An eye of draining (shapeshifter) (Depths:2)
  5 ice beasts
  3 phantoms
  46 orc warriors
  16 boggarts
  23 centaurs
  2 necrophages
  49 ogres
  9 wolves
  6 crocodiles
  2 big kobolds
  A yaktaur zombie (Vaults:1)
  20 bullfrogs
  A gnoll sergeant (D:12)
  5 earth elementals
  A glowing shapeshifter simulacrum (Vaults:3)
  A deep troll simulacrum (Vaults:1)
  3 water moccasin zombies (Ossuary)
  Dowan (D:5)
  An ogre simulacrum (Vaults:1)
  A wyvern skeleton (D:14)
  5 scorpions
  8 wights
  15 killer bees
  2 troll skeletons (Volcano)
  A howler monkey (D:4)
  A vampire bat (D:5)
  4 lava snakes (Lair:6)
  2 electric eels (Elf:3)
  8 crimson imps
  2 spriggan skeletons (Volcano)
  A bullfrog zombie (D:5)
  3 centaur zombies
  4 draconian simulacra (IceCv)
  A quasit (Depths:1)
  7 hounds
  5 jellies
  19 orc priests
  3 bullfrog skeletons
  13 human skeletons (Vaults:3)
  5 iguanas
  32 orc wizards
  4 troll simulacra (IceCv)
  27 worker ants
  2 spriggan simulacra (IceCv)
  2 killer bee zombies
  3 big kobold zombies (Ossuary)
  2 centaur simulacra
  2 naga skeletons (Volcano)
  2 mummies (Ossuary)
  A howler monkey zombie (D:5)
  A worker ant zombie (D:7)
  Robin (D:4)
  A howler monkey skeleton (D:5)
  21 adders
  12 gnolls
  2 shadow imps
  7 adder zombies
  An ooze (D:4)
  2 adder skeletons
  5 worms
  A dart slug (D:2)
  3 fire bats (D:5)
  11 leopard geckos
  94 orcs
  2 spectral bats (D:5)
  14 bats
  3 bat skeletons (D:5)
  A bat zombie (D:5)
  5 giant cockroaches
  18 goblins
  6 hobgoblins
  14 jackals
  8 kobolds
  6 quokkas
  A ball python (D:3)
  A bat simulacrum (D:5)
  5 frilled lizards
  6 hobgoblin zombies (Ossuary)
  4 kobold zombies (Ossuary)
  A leopard gecko skeleton (D:8)
  6 orc zombies (Ossuary)
  10 rats
  5 butterflies (Vaults:3)
  A fungus (Lair:6)
  3 plants
  6 tentacles (Shoals:3)
2198 creatures vanquished.

Vanquished Creatures (collateral kills)
  A great orb of eyes (Depths:4)
  A slime creature (Depths:1)
2 creatures vanquished.

Vanquished Creatures (others)
  An ironheart preserver (Vaults:3)
  A deep troll shaman (Depths:2)
  A deep elf knight (Elf:1)
  An unseen horror (Vaults:1)
  3 deep elf magi
  A human (D:15)
  3 orc warriors
  A boggart (Vaults:1)
  A worker ant (D:5)
  2 orcs (Elf:2)
  A fungus (Lair:6)
  13 plants
  22 tentacles (Shoals:3)
51 creatures vanquished.

Grand Total: 2251 creatures vanquished

Notes
Turn   | Place    | Note
-------+----------+-------------------------------------------
     0 | D:1      | Elvor the Minotaur Fighter began the quest for the Orb.
     0 | D:1      | Reached XP level 1. HP: 19/19 MP: 0/0
   259 | D:1      | Reached XP level 2. HP: 27/27 MP: 1/1
   361 | D:1      | Reached skill level 4 in Fighting
   633 | D:2      | Reached XP level 3. HP: 29/33 MP: 2/2
   848 | D:2      | Reached XP level 4. HP: 38/41 MP: 3/3
  1290 | D:3      | Reached XP level 5. HP: 45/47 MP: 4/4
  1851 | D:3      | Found a white marble altar of Elyvilon.
  2121 | D:4      | Noticed Robin
  2150 | D:4      | Killed Robin
  2150 | D:4      | Reached skill level 5 in Maces & Flails
  2250 | D:4      | Reached skill level 5 in Fighting
  2256 | D:4      | Reached XP level 6. HP: 30/56 MP: 5/5
  2413 | D:4      | Reached skill level 5 in Armour
  2426 | D:4      | Reached skill level 5 in Shields
  2436 | D:4      | Reached skill level 1 in Dodging
  2471 | D:4      | Reached XP level 7. HP: 58/61 MP: 6/6
  2528 | D:4      | Found Obbap's Distillery.
  2536 | D:4      | Bought a potion of heal wounds for 70 gold pieces
  2702 | D:4      | Got a sapphire short sword
  2709 | D:4      | Identified the +8 short sword of the Final Mice {flame, rF+
                  | Int+4} (You found it on level 4 of the Dungeon)
  2815 | D:4      | Bought a potion of lignification for 42 gold pieces
  2828 | D:5      | Entered Level 5 of the Dungeon
  2914 | D:5      | Reached skill level 6 in Fighting
  3006 | D:5      | Noticed Duvessa
  3016 | D:5      | Noticed Dowan
  3023 | D:5      | Killed Duvessa
  3027 | D:5      | Killed Dowan
  3188 | D:5      | Reached skill level 1 in Throwing
  3188 | D:5      | Reached XP level 8. HP: 44/70 MP: 7/7
  3276 | D:5      | Noticed Pikel
  3295 | D:5      | Killed Pikel
  3295 | D:5      | Reached skill level 7 in Fighting
  3540 | D:5      | Reached XP level 9. HP: 79/79 MP: 8/8
  4371 | D:6      | Found a basalt altar of Yredelemnul.
  4563 | D:7      | Found a shimmering blue altar of Sif Muna.
  4631 | D:7      | Found a sand-covered staircase.
  4636 | Ossuary  | Entered an ossuary
  4729 | Ossuary  | Reached skill level 10 in Maces & Flails
  4840 | D:7      | Found Fiesub's Magic Scroll Emporium.
  4845 | D:7      | Bought a scroll of identify for 24 gold pieces
  4845 | D:7      | Bought 2 scrolls of identify for 48 gold pieces
  4845 | D:7      | Bought a scroll of teleportation for 36 gold pieces
  4845 | D:7      | Bought a scroll of blinking for 90 gold pieces
  4927 | D:7      | Reached skill level 8 in Fighting
  5165 | D:7      | Found a staircase to the Ecumenical Temple.
  5198 | Temple   | Entered the Ecumenical Temple
  5375 | Temple   | Became a worshipper of Warmaster Okawaru
  5547 | D:7      | Learned a level 2 spell: Blink
  5550 | D:7      | Learned a level 2 spell: Slow
  5800 | D:7      | Bought a scroll of immolation for 42 gold pieces
  5843 | D:8      | Reached XP level 10. HP: 84/90 MP: 9/9
  5905 | D:8      | Noticed Erica
  5919 | D:8      | Killed Erica
  5919 | D:8      | Reached * piety under Okawaru
  5919 | D:8      | Reached skill level 9 in Fighting
  6155 | D:8      | Reached ** piety under Okawaru
  6883 | D:9      | Found a staircase to the Orcish Mines.
  7017 | D:9      | Reached skill level 10 in Fighting
  7022 | D:9      | Reached *** piety under Okawaru
  7279 | D:9      | Found an opulent altar of Gozag.
  7356 | D:10     | Entered Level 10 of the Dungeon
  7622 | D:10     | Killed an unseen horror
  7622 | D:10     | Reached XP level 11. HP: 79/101 MP: 10/10
  7727 | D:10     | Reached **** piety under Okawaru
  7845 | D:10     | Found a staircase to the Lair.
  8214 | D:11     | Received a gift from Okawaru
  8335 | D:11     | Learned a level 2 spell: Passwall
  8415 | D:11     | Noticed a purple ugly thing
  8424 | D:11     | Killed a purple ugly thing
  8447 | D:11     | Noticed a red ugly thing
  8458 | D:11     | Killed a red ugly thing
  8619 | D:11     | You fall into a shaft and drop 2 floors!
  8641 | D:13     | You fall into a shaft and drop 2 floors!
  8641 | D:15     | Entered Level 15 of the Dungeon
  8642 | D:15     | Noticed a green ugly thing
  8642 | D:15     | Noticed a green ugly thing
  8644 | D:15     | Noticed a green ugly thing
  8646 | D:15     | Noticed a deep elf mage
  8651 | D:15     | Killed a deep elf mage
  8656 | D:15     | Killed a green ugly thing
  8661 | D:15     | Killed a green ugly thing
  8661 | D:15     | Reached ***** piety under Okawaru
  8661 | D:15     | Reached skill level 11 in Fighting
  8664 | D:15     | Killed a green ugly thing
  8731 | D:15     | Noticed Kirke
  8746 | D:15     | Noticed a lindwurm
  8757 | D:15     | Noticed a harpy
  8757 | D:15     | Noticed a harpy
  8758 | D:15     | Noticed a harpy
  8764 | D:15     | Noticed a catoblepas
  8764 | D:15     | Noticed a centaur warrior
  8779 | D:15     | Noticed Nessos
  8780 | D:15     | Noticed a yaktaur captain
  8961 | D:15     | Noticed a tengu warrior
  9000 | D:13     | Noticed a purple ugly thing
  9009 | D:13     | Killed a purple ugly thing
  9009 | D:13     | Reached skill level 10 in Shields
  9352 | D:11     | Found an opulent altar of Gozag.
  9619 | D:12     | Killed an unseen horror
  9686 | D:12     | Reached XP level 12. HP: 112/112 MP: 6/11
  9713 | D:12     | Reached ****** piety under Okawaru
  9713 | D:12     | Received a gift from Okawaru
  9858 | D:12     | Reached skill level 12 in Fighting
 10745 | D:7      | Bought a scroll of blinking for 90 gold pieces
 10745 | D:7      | Bought a scroll of enchant armour for 90 gold pieces
 10745 | D:7      | Bought a scroll of blinking for 90 gold pieces
 10817 | D:4      | Bought a potion of heal wounds for 70 gold pieces
 10817 | D:4      | Bought a potion of berserk rage for 70 gold pieces
 10955 | D:13     | Noticed a centaur warrior
 10966 | D:13     | Killed a centaur warrior
 10966 | D:13     | Reached skill level 10 in Armour
 11039 | D:13     | Received a gift from Okawaru
 11104 | D:13     | Noticed Josephine
 11114 | D:13     | Killed Josephine
 11244 | D:13     | Reached skill level 15 in Maces & Flails
 11444 | Lair:1   | Entered Level 1 of the Lair of Beasts
 11457 | Lair:1   | Reached skill level 13 in Fighting
 11490 | Lair:1   | Reached skill level 1 in Invocations
 11495 | Lair:1   | Received a gift from Okawaru
 12227 | Lair:2   | Reached XP level 13. HP: 122/122 MP: 12/12
 12287 | Lair:2   | Found a staircase to the Snake Pit.
 12890 | Lair:3   | Received a gift from Okawaru
 12890 | Lair:3   | Reached skill level 14 in Fighting
 12914 | Lair:3   | Found a frozen archway.
 12932 | IceCv    | Entered an ice cave
 13604 | Lair:3   | Got a smoking brass ring
 13871 | Lair:3   | Identified the ring of Dokhlipei {rElec rPois rC+ rN+} (You
                  | found it on level 3 of the Lair of Beasts)
 13924 | Lair:3   | Noticed Sonja
 13944 | Lair:3   | Killed Sonja
 14686 | Lair:4   | Found a sparkling altar of Nemelex Xobeh.
 14963 | Lair:4   | Reached skill level 15 in Fighting
 14977 | Lair:4   | Found a staircase to the Shoals.
 15172 | Lair:5   | Found a dark tunnel.
 15185 | Volcano  | Entered a volcano
 15317 | Volcano  | Reached XP level 14. HP: 123/135 MP: 14/14
 15451 | Volcano  | Received a gift from Okawaru
 15520 | Volcano  | Received a gift from Okawaru
 16224 | Lair:6   | Entered Level 6 of the Lair of Beasts
 16224 | Lair:6   | Found a staircase to the Slime Pits.
 16496 | Lair:6   | Reached skill level 1 in Short Blades
 16697 | Lair:6   | Reached skill level 16 in Fighting
 16779 | Lair:6   | Reached skill level 5 in Throwing
 17069 | Lair:6   | Found a large runed translucent door.
 17106 | Lair:6   | Found a large runed translucent door.
 17128 | Lair:6   | Received a gift from Okawaru
 17679 | Orc:1    | Entered Level 1 of the Orcish Mines
 17679 | Orc:1    | Found Panaot's Mass Market.
 17708 | Orc:1    | Bought a +0 tower shield for 76 gold pieces
 17715 | Orc:1    | Noticed Snorg
 17727 | Orc:1    | Killed Snorg
 18127 | Orc:1    | Noticed a stone giant
 18139 | Orc:1    | Killed a stone giant
 18146 | Orc:1    | Noticed Jorgrun
 18155 | Orc:1    | Killed Jorgrun
 18370 | Orc:1    | Reached XP level 15. HP: 138/145 MP: 15/15
 18401 | Orc:1    | Noticed Erolcha
 18409 | Orc:1    | Killed Erolcha
 18429 | Orc:1    | Found the ring of the Mage {Wiz MR++ Int+3}
 18466 | Orc:2    | Entered Level 2 of the Orcish Mines
 18466 | Orc:2    | Found Ceowyin's Weapon Boutique.
 18520 | Orc:2    | Noticed an orc warlord
 18539 | Orc:2    | Killed an orc warlord
 18722 | Orc:2    | Received a gift from Okawaru
 18723 | Orc:2    | Found the +8 storm bow {elec, penet}
 18725 | Orc:2    | Noticed Maurice
 18732 | Orc:2    | Killed Maurice
 18825 | Orc:2    | Reached skill level 5 in Dodging
 18863 | Orc:2    | Noticed Nergalle
 18888 | Orc:2    | Killed Nergalle
 18929 | Orc:2    | Noticed an orc warlord
 18953 | Orc:2    | Killed an orc warlord
 18953 | Orc:2    | Reached skill level 17 in Fighting
 19007 | Orc:2    | Found a roughly hewn altar of Beogh.
 19010 | Orc:2    | Found Jicamilu's General Store.
 19168 | Orc:2    | Found a staircase to the Elven Halls.
 19378 | Orc:2    | Found a runed translucent gate.
 19378 | Orc:2    | Noticed RUZZLEFAZAZZLE's ghost (journeyman HOFi)
 19379 | Orc:2    | Found a runed translucent gate.
 19380 | Orc:2    | Found a runed translucent gate.
 19380 | Orc:2    | Found a roughly hewn altar of Beogh.
 19381 | Orc:2    | Found Xelim's Gadget Boutique.
 19382 | Orc:2    | Identified the +4 broad axe of the Crawling Thing {flame,
                  | Str+3}
 19382 | Orc:2    | Identified the +5 plate armour of the Game Afoot {MR+ Str+4
                  | Dex-5}
 19456 | Orc:2    | Found Bemuwyod's Antique Armour Shop.
 19473 | Orc:2    | Found Qutat's Antique Weapon Shop.
 19490 | Orc:2    | Found Jaeff's Book Shop.
 19515 | Orc:2    | Bought a potion of cancellation for 136 gold pieces
 19771 | Orc:2    | Bought a wand of digging (5) for 270 gold pieces
 19826 | Orc:2    | Killed RUZZLEFAZAZZLE's ghost
 19853 | Orc:2    | Got a shimmering hat
 19858 | Orc:2    | Got a scintillating granite ring
 19859 | Orc:2    | Identified the cursed +0 hat "Haenunent" {*Corrode rF++}
                  | (You found it on level 2 of the Orcish Mines)
 19860 | Orc:2    | Identified the cursed ring "Vorruven" {+Inv rN+ MR+ Str-3
                  | Dex-4 Slay+3} (You found it on level 2 of the Orcish Mines)
 20033 | D:4      | Bought a potion of invisibility for 112 gold pieces
 20033 | D:4      | Bought a potion of cancellation for 112 gold pieces
 20033 | D:4      | Bought a potion of resistance for 140 gold pieces
 20442 | D:14     | Found an iron altar of Okawaru.
 20693 | D:14     | Found a gate to the Vaults.
 21035 | D:14     | Reached skill level 1 in Axes
 21084 | D:14     | Got a smoking dagger
 21122 | D:14     | Got a dazzling spear
 21258 | D:14     | Found Mahir's Gadget Emporium.
 21352 | D:14     | Identified the +7 dagger "Veshae" {antimagic, rC- rN+ MR+
                  | Int+2} (You found it on level 14 of the Dungeon)
 21353 | D:14     | Identified the +5 spear of Sisuen {elec, Dex+4} (You found
                  | it on level 14 of the Dungeon)
 21406 | D:15     | Received a gift from Okawaru
 21540 | D:15     | Killed Kirke
 21601 | D:15     | Received a gift from Okawaru
 21615 | D:15     | Killed Nessos
 21741 | D:15     | Received a gift from Okawaru
 22005 | D:15     | Found a staircase to the Depths.
 22023 | D:15     | Reached XP level 16. HP: 157/157 MP: 17/17
 22355 | Snake:1  | Entered Level 1 of the Snake Pit
 22364 | Snake:1  | Received a gift from Okawaru
 22671 | Snake:1  | Found Zinaubizyruo's Antique Weapon Shop.
 22674 | Snake:1  | Found Kaosa's Distillery.
 22674 | Snake:1  | Found Dohiod's Gadget Boutique.
 22717 | Snake:1  | Found Gouchugi's Assorted Antiques.
 22726 | Snake:1  | Bought 2 scrolls of enchant weapon for 480 gold pieces
 22730 | Snake:1  | Bought 2 potions of curing for 66 gold pieces
 22730 | Snake:1  | Bought a potion of haste for 110 gold pieces
 22730 | Snake:1  | Bought a potion of curing for 33 gold pieces
 22730 | Snake:1  | Bought a potion of might for 44 gold pieces
 22730 | Snake:1  | Bought a potion of curing for 33 gold pieces
 22730 | Snake:1  | Bought a potion of might for 44 gold pieces
 22730 | Snake:1  | Bought a potion of curing for 33 gold pieces
 22730 | Snake:1  | Bought a potion of might for 44 gold pieces
 22771 | Snake:1  | Reached skill level 15 in Shields
 23035 | Snake:1  | Noticed Nikola
 23058 | Snake:1  | Killed Nikola
 23401 | Snake:1  | Found a runed translucent door.
 23401 | Snake:1  | Noticed Ykir's ghost (adept MiFi)
 23430 | Snake:1  | Killed Ykir's ghost
 23486 | Snake:1  | Noticed Agnes
 23499 | Snake:1  | Killed Agnes
 23499 | Snake:1  | Reached skill level 18 in Fighting
 23531 | Snake:1  | Noticed Roxanne
 23555 | Snake:1  | Killed Roxanne
 24401 | Snake:2  | Received a gift from Okawaru
 25213 | Snake:4  | Entered Level 4 of the Snake Pit
 25412 | Snake:4  | Received a gift from Okawaru
 25461 | Snake:4  | Identified a scroll of acquirement
 25518 | Snake:4  | Reached XP level 17. HP: 166/166 MP: 18/18
 25834 | Snake:4  | Received a gift from Okawaru
 25842 | Snake:4  | Identified a +0 pair of boots of running (Okawaru gifted it
                  | to you on level 4 of the Snake Pit)
 26155 | Snake:4  | Identified the +4 scimitar of Safesk {drain, rPois}
 26203 | Snake:4  | Reached skill level 19 in Fighting
 26277 | Snake:4  | Reached skill level 10 in Dodging
 26323 | Snake:4  | Received a gift from Okawaru
 26324 | Snake:4  | Got a bloodstained eveningstar {god gift}
 26325 | Snake:4  | Identified the +3 eveningstar "Roan" {vorpal, rF++ MP-9
                  | Int+3} (Okawaru gifted it to you on level 4 of the Snake
                  | Pit)
 26437 | Snake:4  | Got a serpentine rune of Zot
 27392 | Shoals:1 | Entered Level 1 of the Shoals
 28248 | Shoals:2 | Noticed Polyphemus
 28391 | Shoals:1 | Killed Polyphemus
 28702 | Shoals:2 | Found a runed translucent door.
 28801 | Shoals:2 | Received a gift from Okawaru
 28847 | Shoals:2 | Reached XP level 18. HP: 150/178 MP: 8/20
 29111 | Shoals:3 | Received a gift from Okawaru
 29937 | Shoals:3 | Found Botz's Magic Scroll Shop.
 30015 | Shoals:3 | Bought a scroll of teleportation for 39 gold pieces
 30195 | Shoals:4 | Entered Level 4 of the Shoals
 30283 | Shoals:4 | Received a gift from Okawaru
 30338 | Shoals:4 | Reached skill level 20 in Fighting
 30390 | Shoals:4 | Reached skill level 10 in Throwing
 30465 | Shoals:4 | Received a gift from Okawaru
 31102 | Shoals:4 | Got a barnacled rune of Zot
 31126 | Shoals:4 | Found Babbuasi's Jewellery Boutique.
 32526 | Vaults:1 | Entered Level 1 of the Vaults
 32920 | Vaults:1 | Received a gift from Okawaru
 32920 | Vaults:1 | Reached XP level 19. HP: 164/187 MP: 12/21
 33870 | Vaults:1 | Received a gift from Okawaru
 34056 | Vaults:1 | Reached skill level 21 in Fighting
 34216 | Vaults:1 | Received a gift from Okawaru
 35987 | Vaults:2 | Received a gift from Okawaru
 36192 | Vaults:2 | Found Urygruro's Food Boutique.
 36296 | Vaults:2 | Found a portal to a secret trove of treasure.
 36626 | Vaults:2 | Found a staircase to the Crypt.
 36937 | Vaults:3 | Reached XP level 20. HP: 189/199 MP: 13/22
 37089 | Vaults:3 | Received a gift from Okawaru
 37168 | Vaults:3 | Received a gift from Okawaru
 37516 | Vaults:3 | You fall into a shaft and drop 1 floor!
 37700 | Vaults:3 | Got a heavy robe
 37701 | Vaults:3 | Identified the cursed +0 robe of Zaery {Int+5} (You found
                  | it on level 3 of the Vaults)
 37838 | Vaults:3 | Found Beemust's Antique Weapon Boutique.
 37956 | Vaults:3 | Reached skill level 22 in Fighting
 38097 | Vaults:3 | Paralysed by a floating eye for 2 turns
 38201 | Vaults:3 | Reached skill level 5 in Invocations
 38205 | Vaults:3 | Reached skill level 15 in Armour
 38242 | Vaults:3 | Received a gift from Okawaru
 38879 | Vaults:3 | Found a huge runed gate.
 38879 | Vaults:3 | Found a huge runed gate.
 38933 | Vaults:3 | Got a faintly humming cloak {god gift}
 38934 | Vaults:3 | Identified the +2 cloak the Futuristic Sturgeon {rC- rCorr
                  | Dex+9 Slay+2} (Okawaru gifted it to you on level 3 of the
                  | Vaults)
 38966 | Vaults:3 | Identified the ring of Dutiuth {rCorr Dex+5}
 39509 | Vaults:3 | Got an ichor-stained spear
 39510 | Vaults:3 | Identified the cursed +1 spear of Heosyo {freeze, Int+3}
                  | (You found it on level 3 of the Vaults)
 39560 | Vaults:3 | Found a huge runed gate.
 39560 | Vaults:3 | Found a huge runed gate.
 39560 | Vaults:3 | Found a huge runed gate.
 39560 | Vaults:3 | Found a huge runed gate.
 39560 | Vaults:3 | Found a huge runed gate.
 39560 | Vaults:3 | Found a huge runed gate.
 39561 | Vaults:3 | Found a huge runed gate.
 39561 | Vaults:3 | Found a huge runed gate.
 39616 | Vaults:3 | Found a huge runed gate.
 39616 | Vaults:3 | Found a huge runed gate.
 39616 | Vaults:3 | Found a huge runed gate.
 39616 | Vaults:3 | Found a huge runed gate.
 39616 | Vaults:3 | Found a huge runed gate.
 39616 | Vaults:3 | Found a huge runed gate.
 39617 | Vaults:3 | Found a huge runed gate.
 39618 | Vaults:3 | Found a huge runed gate.
 39619 | Vaults:3 | Found a huge runed gate.
 39627 | Vaults:3 | Found a huge runed gate.
 39627 | Vaults:3 | Found a huge runed gate.
 39627 | Vaults:3 | Found a huge runed gate.
 39627 | Vaults:3 | Found a huge runed gate.
 39627 | Vaults:3 | Found a huge runed gate.
 39627 | Vaults:3 | Found a huge runed gate.
 39627 | Vaults:3 | Found a huge runed gate.
 39628 | Vaults:3 | Found a huge runed gate.
 39629 | Vaults:3 | Found a huge runed gate.
 39637 | Vaults:3 | Found a huge runed gate.
 39637 | Vaults:3 | Found a huge runed gate.
 39637 | Vaults:3 | Found a huge runed gate.
 39637 | Vaults:3 | Found a huge runed gate.
 39637 | Vaults:3 | Found a huge runed gate.
 39637 | Vaults:3 | Found a huge runed gate.
 39637 | Vaults:3 | Found a huge runed gate.
 39638 | Vaults:3 | Found a huge runed gate.
 39728 | Vaults:3 | Identified Faukk's Incunabulum of Talismans
 40791 | Vaults:4 | Received a gift from Okawaru
 40808 | Vaults:4 | Reached XP level 21. HP: 203/209 MP: 14/23
 40897 | Vaults:4 | Received a gift from Okawaru
 41232 | Vaults:4 | Received a gift from Okawaru
 41251 | Vaults:4 | Got a translucent hand crossbow {god gift}
 41790 | Vaults:4 | Reached skill level 23 in Fighting
 41807 | Vaults:4 | Got an ebony trident
 41808 | Vaults:4 | Identified the +6 trident of Kismet {vamp, Str+4} (You
                  | found it on level 4 of the Vaults)
 41809 | Vaults:4 | Identified the +2 hand crossbow "Newtslayer" {elec, rPois
                  | Str+2} (Okawaru gifted it to you on level 4 of the Vaults)
 42037 | Vaults:4 | Received a gift from Okawaru
 42775 | Vaults:4 | Got a brightly glowing ring mail {god gift}
 42786 | Vaults:4 | Identified the +3 ring mail of Heergh {Str+4} (Okawaru
                  | gifted it to you on level 4 of the Vaults)
 43245 | D:12     | Acquired the +5 demon whip "Spellbinder" {antimagic, MR+}
 43246 | D:12     | Found the +5 demon whip "Spellbinder" {antimagic, MR+}
 43353 | Elf:1    | Entered Level 1 of the Elven Halls
 44101 | Elf:1    | Reached skill level 1 in Stealth
 44217 | Elf:1    | Reached skill level 1 in Spellcasting
 44432 | Elf:2    | Noticed Saint Roka
 44454 | Elf:2    | Killed Saint Roka
 44485 | Elf:2    | Reached skill level 15 in Dodging
 44848 | Elf:2    | Found a huge runed translucent gate.
 44849 | Elf:2    | Found a huge runed translucent gate.
 44850 | Elf:2    | Found a huge runed translucent gate.
 44851 | Elf:2    | Found a huge runed translucent gate.
 44852 | Elf:2    | Found a huge runed translucent gate.
 44884 | Elf:2    | Received a gift from Okawaru
 44978 | Elf:2    | Received a gift from Okawaru
 45066 | Elf:2    | Reached XP level 22. HP: 220/220 MP: 8/25
 45213 | Elf:2    | Received a gift from Okawaru
 45454 | Elf:2    | Received a gift from Okawaru
 45609 | Elf:2    | Received a gift from Okawaru
 45828 | Elf:2    | Received a gift from Okawaru
 45840 | Elf:2    | Got a spiked cloak {god gift}
 45841 | Elf:2    | Identified the +0 cloak of Conscience {rN+ Regen+ Str-4}
                  | (Okawaru gifted it to you on level 2 of the Elven Halls)
 46082 | Elf:3    | Entered Level 3 of the Elven Halls
 46095 | Elf:3    | Found Zidghos's Weapon Boutique.
 46297 | Elf:3    | Noticed Aizul
 46324 | Elf:3    | Killed Aizul
 46433 | Elf:3    | Got a transparent leather armour
 46434 | Elf:3    | Identified the +0 leather armour "Notz" {rN+ Slay+2} (You
                  | found it on level 3 of the Elven Halls)
 46458 | Elf:3    | Found a huge runed gate.
 46498 | Elf:3    | Found a huge runed gate.
 46499 | Elf:3    | Found a huge runed gate.
 46500 | Elf:3    | Found a huge runed gate.
 46513 | Elf:3    | Found a huge runed gate.
 46513 | Elf:3    | Found a huge runed gate.
 46513 | Elf:3    | Found a huge runed gate.
 46514 | Elf:3    | Found a huge runed gate.
 46514 | Elf:3    | Found a huge runed gate.
 46514 | Elf:3    | Found a huge runed gate.
 46517 | Elf:3    | Found a huge runed gate.
 46517 | Elf:3    | Found a huge runed gate.
 46517 | Elf:3    | Found a huge runed gate.
 46517 | Elf:3    | Found a huge runed gate.
 46524 | Elf:3    | Found a huge runed gate.
 46527 | Elf:3    | Found a huge runed gate.
 46527 | Elf:3    | Found a huge runed gate.
 46530 | Elf:3    | Found a huge runed gate.
 46601 | Elf:3    | Found a huge runed gate.
 46601 | Elf:3    | Found a huge runed gate.
 46601 | Elf:3    | Found a huge runed gate.
 47052 | Elf:3    | Found a large runed translucent door.
 47053 | Elf:3    | Found a large runed translucent door.
 47057 | Elf:3    | Noticed DungeonDestroyer's ghost (adept MiFi)
 47379 | Elf:3    | Killed DungeonDestroyer's ghost
 47384 | Elf:3    | Got an ebony dagger
 47391 | Elf:3    | Identified the +8 dagger of Esoruewk {speed, Str+4 Stlth+}
                  | (You found it on level 3 of the Elven Halls)
 47926 | Elf:3    | Received a gift from Okawaru
 47960 | Elf:3    | Received a gift from Okawaru
 47994 | Elf:3    | Received a gift from Okawaru
 48278 | Elf:3    | Received a gift from Okawaru
 48315 | Elf:3    | Identified the +8 scythe "Edueplav" {vorpal, Str+4}
 48319 | Elf:3    | Identified the amulet of Obbiegg {RegenMP rN+ Int+4}
 48321 | Elf:3    | Identified the +9 whip "Nof Zoet" {vorpal, Int+5}
 48323 | Elf:3    | Received a gift from Okawaru
 48350 | Elf:3    | Identified the cursed +0 plate armour "Gowosap" {rPois rN+}
 48354 | Elf:3    | Reached skill level 24 in Fighting
 48852 | Elf:3    | Found the +0 sword of Power
 48857 | Elf:3    | Identified the Reference Book on Cold and Stolen Souls
 48873 | Elf:3    | Identified the Handbook of Confrontation
 48877 | Elf:3    | Got a heavily runed bone ring
 48976 | Elf:3    | Identified the ring "Mepil" {rF+ Dex+6} (You found it on
                  | level 3 of the Elven Halls)
 49554 | Elf:3    | Got a pitted glaive
 50511 | D:12     | Identified the cursed +0 glaive of Classification {elec,
                  | *Drain rPois rF++ Dex+4} (You found it on level 3 of the
                  | Elven Halls)
 50773 | Depths:1 | Entered Level 1 of the Depths
 50786 | Depths:1 | Found a shattered altar of Ashenzari.
 50824 | Depths:1 | Received a gift from Okawaru
 50965 | Depths:1 | Found Wizolou's Changing Room.
 51036 | Depths:1 | Bought a potion of mutation for 96 gold pieces
 51036 | Depths:1 | Bought a potion of mutation for 96 gold pieces
 51159 | Depths:1 | Found a hide-covered altar of Uskayaw.
 51271 | Depths:1 | Found a gateway to Hell.
 51421 | Depths:1 | Found a one-way gate leading to the halls of Pandemonium.
 51558 | Depths:1 | Reached XP level 23. HP: 221/229 MP: 9/28
 51574 | Depths:1 | Got a warped great mace
 51578 | Depths:1 | Got a serpentine bone ring
 51773 | Depths:1 | Identified the ring of Owyhugel {Dex+3 SInv} (You found it
                  | on level 1 of the Depths)
 52285 | Depths:2 | Received a gift from Okawaru
 52308 | Depths:2 | Got a warped spear
 52354 | Depths:1 | Identified the +9 great mace of Wyrd {venom, rElec} (You
                  | found it on level 1 of the Depths)
 52355 | Depths:1 | Identified the +9 spear of Xom's Castigation {venom, rC+
                  | MR+ Str-3 Dex+3} (You found it on level 2 of the Depths)
 52619 | Depths:1 | Received a gift from Okawaru
 52634 | Depths:1 | Got a pair of ichor-stained gloves {god gift}
 52646 | Depths:1 | Identified the +2 pair of gloves of Kuocw {Dex+4 Slay+2
                  | SInv Stlth+} (Okawaru gifted it to you on level 1 of the
                  | Depths)
 53328 | Depths:2 | Reached skill level 5 in Spellcasting
 53337 | Depths:2 | Got a transparent plate armour
 53420 | Depths:2 | Identified the +4 quarterstaff of Action {vamp, Int+3 SInv}
 53524 | Depths:2 | Learned a level 2 spell: Swiftness
 53536 | Depths:2 | Identified the +3 plate armour of the Stag {+Inv rF- rC+}
                  | (You found it on level 2 of the Depths)
 53765 | Depths:2 | Found a gateway to a ziggurat.
 54666 | Depths:4 | Received a gift from Okawaru
 54975 | Depths:4 | Received a gift from Okawaru
 55234 | Depths:4 | Found a one-way gate to the infinite horrors of the Abyss.
 55431 | Depths:4 | Received a gift from Okawaru
 55724 | Depths:3 | Noticed Frederick
 55750 | Depths:3 | Reached XP level 24. HP: 164/237 MP: 4/30
 55758 | Depths:3 | Killed Frederick
 56237 | Depths:3 | Found a snail-covered altar of Cheibriados.
 56237 | Depths:3 | Noticed an ancient lich
 56257 | Depths:3 | Killed an ancient lich
 56498 | Depths:3 | Reached skill level 25 in Fighting
 56545 | Depths:3 | Received a gift from Okawaru
 56982 | Depths:5 | Entered Level 5 of the Depths
 57357 | Depths:5 | Found a runed translucent gate.
 57357 | Depths:5 | Found a runed translucent gate.
 57358 | Depths:5 | Found a runed translucent gate.
 57358 | Depths:5 | Noticed Hucoe's ghost (veteran MfIE)
 57474 | Depths:5 | Found a gate to the Realm of Zot.
 57839 | Depths:5 | Killed Hucoe's ghost
 57870 | Depths:5 | Got a smoking cloak
 58005 | Depths:1 | Identified the cursed -2 cloak of the Present {Int+2} (You
                  | found it on level 5 of the Depths)
 58487 | D:12     | Acquired 2550 gold pieces
 58778 | Vaults:5 | Entered Level 5 of the Vaults
 58842 | Vaults:4 | Received a gift from Okawaru
 59520 | Vaults:4 | Reached XP level 25. HP: 201/247 MP: 5/32
 59561 | Vaults:5 | HP: 9/247 [titan/bolt of lightning (7)]
 59570 | Vaults:5 | Killed from afar by a quicksilver dragon

Illustrated notes

Levels and vault maps discovered:
D:1:      dpeg_arrival_stonehenge_12_columns, layout_basic
D:2:      layout_rooms, minmay_pentomino_t2
D:3:      minmay_general_purpose_star, layout_basic,
          minmay_misc_feat_four_crosses, elyvilon_altar_3
D:4:      layout_basic, serial_shops, nicolae_shop_behind_doors, uniq_robin
D:5:      layout_cave_pools, first_ration, serial_bayou_pond_c, goddamned_bats,
          uniq_pikel, uniq_duvessa
D:6:      layout_loops_corners, basic_altar
D:7:      layout_loops_ring, minmay_temple_entry_nine_rooms, basic_altar,
          serial_shops, shop, enter_ossuary_5
D:8:      minmay_recursive_quarters, layout_rooms, uniq_erica
D:9:      layout_basic, nicolae_gozag_seed_capital, orc_0_dummy
D:10:     layout_loops_corners, lair_entry_dummy
D:11:     layout_loops_ring, basic_altar
D:12:     layout_cave_pools, dk_noncrumbling_3, blue_anna_alchemist
          [blue_anna_fruit_fields, blue_anna_fruit_fields], kb_rosetta
D:13:     layout_roguey, uniq_josephine
D:14:     minmay_cut_squares, layout_loops_ring,
          lightli_vaults_fourway_checkpoint, basic_altar, serial_shops,
          kennysheep_little_box
D:15:     hangedman_depths_entry_civil_slaughter, layout_irregular_city,
          minmay_misc_feat_x, chequers_serial_rivers_micro_b, uniq_kirke,
          uniq_nessos
Temple:   minmay_crystal_snake_temple
Lair:1:   layout_gridlike
Lair:2:   layout_roguey, guppyfry_snake_entry_garden, zaba_antful_of_joy
Lair:3:   layout_regular_city, portal_ice_cave_rime, uniq_sonja
Lair:4:   layout_misc_corridors, elwin_shoals_entry_rooms, basic_altar,
          beast_lair_carwin_2, lemuel_fruit_tree
Lair:5:   layout_long_grid, nicolae_volcano_entry_lava_flow,
          serial_bayou_shore_b
Lair:6:   cheibrodos_lair_end_hotspot, layout_regular_city, slime_dummy
Shoals:1: layout_shoals
Shoals:2: cheibrodos_shoals_baths, layout_shoals, lightli_airlock,
          uniq_polyphemus
Shoals:3: layout_shoals, serial_shops, nicolae_shop_waterfront
Shoals:4: shoals_end_simple, layout_shoals, minmay_shop_enchanted_jewellery
Snake:1:  layout_chambers, gammafunk_ghost_grave, serial_bayou_crossing,
          minmay_shoptagon, uniq_roxanne, uniq_nikola, uniq_agnes
Snake:2:  layout_chambers, grunt_megastairs_3
Snake:3:  layout_gridlike
Snake:4:  snake_pit, layout_basic
Orc:1:    lemuel_ogre_cave, layout_caves, minmay_shop_mass, uniq_snorg,
          uniq_jorgrun
Orc:2:    grunt_orc_cross, layout_diamond_mine, biasface_ghost_orc_armoury,
          serial_shops, shop, shop, mines3_lemuel, uniq_maurice
Elf:1:    minmay_elf_arrival_summoners, layout_geoelf_octagon, evilmike_minifort
Elf:2:    layout_loops_cross, hangedman_elf_power_crystal,
          hangedman_elf_represent, uniq_saint_roka
Elf:3:    elf_hall, layout_geoelf_castle, ebering_ghost_disaster_area,
          serial_shops, shop_coins, nicolae_elf_glass_and_crystal_pillar_2,
          grunt_ministairs_1, door_vault, uniq_aizul
Vaults:1: ontoclasm_vaults_pinch, v_misc_27, v_misc_3, vaults_dpeg_encased_lava,
          hangedman_vaults_unwind, vaults_dpeg_cross,
          vaults_standard_mumra_enter_the_diamond,
          nicolae_vaults_big_angled_halls,
          nicolae_vaults_windows_and_doors_thing, v_misc_31, grunt_vaults_focal,
          vaults_dpeg_hooks, vaults_dpeg_diagonal, vaults_room_glass_cross,
          layout_vaults_chaotic_city
Vaults:2: v_pattern_1, v_misc_24, ontoclasm_vaults_ring_small, v_misc_25,
          vaults_mumra_bighexcomb, blue_anna_dwarven_crypt, v_misc_30,
          vaults_room_pool, hangedman_vaults_stretched_pinwheel,
          nicolae_vaults_three_branches, nicolae_vaults_alarming,
          nicolae_vaults_shelves_hall, layout_vaults_omnigrid, serial_shops,
          shop, nicolae_trove_entry_columns
Vaults:3: nicolae_vaults_rhombus_6, ontoclasm_vaults_bender,
          ontoclasm_vaults_shuriken, st_greater_box_3,
          nicolae_vaults_circle_grid_b, v_misc_15, vaults_not_door_vault_mu,
          serial_ice_g, dpeg_vaults_monster_row, hangedman_vaults_river_flow,
          vaults_room_mumra_shop_pool, vaults_dpeg_ring,
          nicolae_vaults_specimen_jars, layout_vaults_omnibox
Vaults:4: ontoclasm_vaults_spin, v_misc_5, vaults_room_large_hall, v_misc_10,
          nicolae_vaults_little_ls, v_alt_pattern_4,
          nicolae_vaults_disjoint_gnomons, vaults_room_fours, v_misc_33,
          nicolae_vaults_rhombus_7, v_misc_13, v_misc_8,
          ontoclasm_vaults_ring_small, layout_vaults_big_cross
Vaults:5: serial_shops
Depths:1: minmay_textured_paths, layout_long_grid, lemuel_round_altar,
          lightli_too_deep, grunt_pan_entry_sceptre,
          chequers_serial_rivers_small_3, nicolae_transmutations_shop,
          ashenzari_altar_1
Depths:2: minmay_the_grid_triangle_9x9_rhombus_full_mashed
          [minmay_the_grid_triangle_9x9_thin_v,
          minmay_the_grid_triangle_9x9_sprig,
          minmay_the_grid_triangle_9x9_zippers_horizontal,
          minmay_the_grid_triangle_9x9_corrupted_corridor,
          minmay_the_grid_triangle_9x9_semitri,
          minmay_the_grid_triangle_9x9_cache,
          minmay_the_grid_triangle_9x9_intruding_spiral,
          minmay_the_grid_triangle_9x9_prize_center], layout_cave_pools,
          enter_ziggurat_a, chequers_decorated_corner, hell_entry,
          minmay_misc_feat_ornament
Depths:3: pf_snail_temple, layout_cross, hell_entry, minmay_misc_feat_enclosed,
          rand_demon_pan_entry_8, serial_glass, glass_columns_a,
          glass_columns_a, glass_columns_a, abyss_entry_small_statue_room,
          uniq_frederick
Depths:4: kennysheep_ambush_hall, layout_basic, serial_bayou_shore_a,
          minmay_room_of_horrors, hell_entry, infiniplex_staircase_zigzag_2
Depths:5: grunt_twist_and_shout, layout_cave_pools,
          biasface_ghost_demon_polymorph, rand_demon_pan_entry_4,
          roderic_roman_lattice, hell_entry

Skill      XL: |  1  2  3  4  5  6  7  8  9 10 11 12 13 14 15 16 17 18 19 20 21 22 23 24 |
---------------+-------------------------------------------------------------------------+-----
Fighting       | 4 5 6 7 8 10 11 13 15 16 17 18 19 20 21 22 23 24 25 | 25.5
Armour         | 4 5 6 7 8 9 10 11 12 13 14 15 16 | 16.4
Maces & Flails | 3 4 5 7 8 10 12 14 15 16 17 18 19 20 21 | 21.2
Shields        | 4 5 7 8 9 10 11 12 13 14 16 17 18 19 20 22 23 24 | 24.7
Dodging        | 1 3 4 7 9 10 12 13 14 15 16 17 | 17.6
Throwing       | 1 2 3 4 6 7 9 10 11 13 14 | 14.4
Invocations    | 1 2 3 4 5 6 |  6.9
Short Blades   | 1 |  1.6
Axes           | 1 |  1.4
Stealth        | 1 |  1.8
Spellcasting   | 2 4 5 7 |  7.0
Evocations     | |  0.7

Action                   |  1- 3 |  4- 6 |  7- 9 | 10-12 | 13-15 | 16-18 | 19-21 | 22-24 | 25-27 || total
-------------------------+-------+-------+-------+-------+-------+-------+-------+-------+-------++-------
Melee: Flail             |    93 |   132 |       |       |       |       |       |       |       ||   225
       Headbutt          |     8 |    37 |    98 |   136 |   333 |   316 |   402 |   508 |    16 ||  1854
       Morningstar       |       |   101 |   383 |   528 |  1234 |   716 |       |       |       ||  2962
       Short sword       |       |       |       |       |    19 |       |       |       |       ||    19
       Broad axe         |       |       |       |       |    12 |       |       |       |       ||    12
       Eveningstar       |       |       |       |       |       |   871 |  1252 |       |       ||  2123
       Demon whip        |       |       |       |       |       |       |   288 |  1551 |    38 ||  1877
Throw: Dart              |       |     6 |    14 |    13 |     5 |       |       |       |       ||    38
       Boomerang         |       |       |       |    10 |   326 |   273 |   238 |   433 |       ||  1280
       Javelin           |       |       |       |     3 |       |       |       |    16 |       ||    19
Invok: Heroism           |       |       |       |     2 |    22 |    19 |    14 |    20 |       ||    77
       Finesse           |       |       |       |     1 |     6 |    10 |     8 |    14 |       ||    39
Evoke: Wand              |       |       |       |       |     8 |     1 |     1 |       |       ||    10
  Use: Scroll            |       |       |    17 |    14 |    17 |    12 |    11 |    21 |     1 ||    93
       Potion            |       |       |     5 |     3 |     4 |     2 |     8 |     3 |     1 ||    26
 Stab: Distracted        |       |       |       |       |       |       |     2 |     1 |     1 ||     4
       Confused          |       |       |       |       |       |       |       |     1 |       ||     1
  Eat: Chunk             |       |     3 |     7 |    10 |     8 |     5 |    12 |    14 |       ||    59
       Ration            |       |     1 |     2 |     6 |     7 |     9 |     8 |     8 |       ||    41
Armor: Scale mail        |    50 |       |       |       |       |       |       |       |       ||    50
       Chain mail        |       |   147 |   154 |    51 |       |       |       |       |       ||   352
       Skin              |       |       |    96 |       |       |       |       |       |       ||    96
       Plate armour      |       |       |       |   207 |   357 |   358 |   271 |   305 |    16 ||  1514
Dodge: Dodged            |    43 |    54 |   124 |   135 |   241 |   240 |   281 |   407 |    18 ||  1543
       Repelled          |       |       |       |       |       |    81 |    18 |       |       ||    99
Block: Kite shield       |    54 |   125 |   259 |   360 |   356 |       |       |       |       ||  1154
       Tower shield      |       |       |       |       |   493 |  1641 |  1276 |  1397 |    69 ||  4876
       Reflection        |       |       |       |       |       |       |       |    28 |     5 ||    33
